TOP OF THE 1ST |
Eau Claire Esquires batting - Pitching for Jasper Cougars : RHP Dae-ho Kim
|
Pitching: RHP Dae-ho Kim
|
|
Batting: RHB Eric Fuller
|
0-0: Ball 1-0: Ball 2-0: Ball 3-0: Called Strike 3-1: Base on Balls
|
Batting: LHB Edwin Ryan
|
0-0: Ball 1-0: Called Strike 1-1: Ball 2-1: Swinging Strike 2-2: Strikes out swinging
|
Batting: RHB Roberto García
|
0-0: Ball Eric Fuller is caught stealing 2nd base 1-0: Ground out 6-3 (Groundball, 6)
|
Top of the 1st over - 0 run(s), 0 hit(s), 0 error(s), 0 left on base; Eau Claire 0 - Jasper 0 |
BOTTOM OF THE 1ST |
Jasper Cougars batting - Pitching for Eau Claire Esquires : RHP Nick Parks
|
Pitching: RHP Nick Parks
|
|
Batting: SHB Martín Cruz
|
0-0: Fly out, F9 (Line Drive, 9M)
|
Batting: RHB Dan Hooper
|
0-0: Foul Ball, location: 2F 0-1: Ball 1-1: Fly out, F9 (Flyball, 89XD)
|
Batting: SHB Ron Edwards
|
0-0: Ball 1-0: Ball 2-0: Called Strike 2-1: Ground out 4-3 (Groundball, 4)
|
Bottom of the 1st over - 0 run(s), 0 hit(s), 0 error(s), 0 left on base; Eau Claire 0 - Jasper 0 |
TOP OF THE 2ND |
Eau Claire Esquires batting - Pitching for Jasper Cougars : RHP Dae-ho Kim
|
Batting: LHB Michael Cook
|
0-0: Ball 1-0: SINGLE (Groundball, 34S)
|
Batting: RHB Norm Francis
|
0-0: Ball 1-0: Called Strike 1-1: Called Strike 1-2: Strikes out swinging
|
Batting: RHB Dave Parker
|
0-0: Ball 1-0: Called Strike 1-1: Ball 2-1: Foul Ball, location: 2F 2-2: Foul Ball, location: 2F 2-2: Fly out, F7 (Flyball, 7S)
|
Batting: RHB Javier Reyes
|
0-0: Called Strike 0-1: SINGLE (Groundball, 56) Michael Cook to second Runner from 2nd tries for 3rd, SAFE, throw made to third
|
Batting: RHB Seiji Kouno
|
0-0: Called Strike 0-1: Ball 1-1: Ball 2-1: Foul Ball, location: 2F 2-2: SINGLE (Flyball, 8LS) Michael Cook scores Javier Reyes to second
|
Batting: LHB Jorge Fernández
|
0-0: Ball 1-0: Ball 2-0: Called Strike 2-1: Ball 3-1: Foul Ball, location: 2F 3-2: Foul Ball, location: 2F 3-2: Ground out 6-3 (Groundball, 6M)
|
Top of the 2nd over - 1 run(s), 3 hit(s), 0 error(s), 2 left on base; Eau Claire 1 - Jasper 0 |
BOTTOM OF THE 2ND |
Jasper Cougars batting - Pitching for Eau Claire Esquires : RHP Nick Parks
|
Batting: RHB Manuel Pérez
|
0-0: Ball 1-0: Foul Ball, location: 2F 1-1: Ball 2-1: Reached on error, E5 (Groundball, 5S)
|
Batting: RHB Juan Carlos
|
0-0: Ball 1-0: Ball 2-0: Reached on error, E5 (Groundball, 5L) Manuel Pérez to second
|
Batting: LHB Pepe Vázquez
|
0-0: Ball 1-0: Ball 2-0: Ball 3-0: Called Strike 3-1: Fielders Choice at 2nd, 4-6 (Groundball, 4) Manuel Pérez to third
|
Batting: LHB Jon Scott
|
0-0: Ball 1-0: Foul Ball, location: 2F 1-1: Ball 2-1: Foul Ball, location: 2F 2-2: Strikes out swinging
|
Batting: RHB José Ortega
|
0-0: Ground out 5-3 (Groundball, 5S)
|
Bottom of the 2nd over - 0 run(s), 0 hit(s), 2 error(s), 2 left on base; Eau Claire 1 - Jasper 0 |
TOP OF THE 3RD |
Eau Claire Esquires batting - Pitching for Jasper Cougars : RHP Dae-ho Kim
|
Batting: RHB Eric Fuller
|
0-0: Bunt missed! 0-1: Called Strike 0-2: Fly out, F8 (Flyball, 8LXD)
|
Batting: LHB Edwin Ryan
|
0-0: Called Strike 0-1: Ball 1-1: Fly out, F5 (Popup, 5SF)
|
Batting: RHB Roberto García
|
0-0: Called Strike 0-1: Ball 1-1: Swinging Strike 1-2: Ball 2-2: Fly out, F9 (Flyball, 9D)
|
Top of the 3rd over - 0 run(s), 0 hit(s), 0 error(s), 0 left on base; Eau Claire 1 - Jasper 0 |
BOTTOM OF THE 3RD |
Jasper Cougars batting - Pitching for Eau Claire Esquires : RHP Nick Parks
|
Batting: RHB Joe Baker
|
0-0: Reached on error, E6 (Groundball, 6)
|
Batting: SHB Martín Cruz
|
0-0: SINGLE (Groundball, 5D) Joe Baker to third
|
Batting: RHB Dan Hooper
|
0-0: Ball 1-0: Swinging Strike 1-1: Ball 2-1: Called Strike 2-2: Foul Ball, location: 2F 2-2: Ball 3-2: 3-RUN HOME RUN (Flyball, 7D), Distance : 339 ft
|
Batting: SHB Ron Edwards
|
0-0: Ball 1-0: Ball 2-0: Ball 3-0: Base on Balls
|
Batting: RHB Manuel Pérez
|
0-0: Ball 1-0: Foul Ball, location: 2F 1-1: Called Strike 1-2: Strikes out swinging
|
Batting: RHB Juan Carlos
|
0-0: Ball 1-0: Foul Ball, location: 2F 1-1: DOUBLE (Line Drive, 3D) Ron Edwards to third
|
Batting: LHB Pepe Vázquez
|
0-0: Ball 1-0: DOUBLE (Line Drive, 8RD) Ron Edwards scores Juan Carlos scores
|
Batting: LHB Jon Scott
|
0-0: Ball 1-0: Ball 2-0: Called Strike 2-1: Called Strike 2-2: SINGLE (Groundball, 4MD) Pepe Vázquez to third
|
Batting: RHB José Ortega
|
0-0: Fly out, F7 (Flyball, 78M) Runner from 3rd tags up, SCORES, no throw
|
Batting: RHB Joe Baker
|
0-0: Called Strike 0-1: Fly out, F8 (Flyball, 8LM)
|
Bottom of the 3rd over - 6 run(s), 5 hit(s), 1 error(s), 1 left on base; Eau Claire 1 - Jasper 6 |
TOP OF THE 4TH |
Eau Claire Esquires batting - Pitching for Jasper Cougars : RHP Dae-ho Kim
|
Batting: LHB Michael Cook
|
0-0: Ball 1-0: Called Strike 1-1: Called Strike 1-2: Strikes out looking
|
Batting: RHB Norm Francis
|
0-0: Ball 1-0: Foul Ball, location: 2F 1-1: Swinging Strike 1-2: Ball 2-2: Strikes out swinging
|
Batting: RHB Dave Parker
|
0-0: Ball 1-0: Called Strike 1-1: Foul Ball, location: 2F 1-2: Hit by Pitch
|
Batting: RHB Javier Reyes
|
0-0: Called Strike Dave Parker steals 2nd base 0-1: Ball 1-1: Swinging Strike 1-2: Ball 2-2: Foul Ball, location: 2F 2-2: Strikes out swinging
|
Top of the 4th over - 0 run(s), 0 hit(s), 0 error(s), 1 left on base; Eau Claire 1 - Jasper 6 |
BOTTOM OF THE 4TH |
Jasper Cougars batting - Pitching for Eau Claire Esquires : RHP Nick Parks
|
Batting: SHB Martín Cruz
|
0-0: Ball 1-0: Ground out 3-1 (Groundball, 34)
|
Batting: RHB Dan Hooper
|
0-0: Ball 1-0: Ball 2-0: SINGLE (Line Drive, 8LS)
|
Batting: SHB Ron Edwards
|
0-0: Ball Wild Pitch! Dan Hooper to second 1-0: Ball 2-0: Ground out 1-3 (Groundball, 15)
|
Batting: RHB Manuel Pérez
|
0-0: Ball 1-0: Swinging Strike 1-1: Called Strike 1-2: Fly out, F6 (Line Drive, 6)
|
Bottom of the 4th over - 0 run(s), 1 hit(s), 0 error(s), 1 left on base; Eau Claire 1 - Jasper 6 |
TOP OF THE 5TH |
Eau Claire Esquires batting - Pitching for Jasper Cougars : RHP Dae-ho Kim
|
Batting: RHB Seiji Kouno
|
0-0: Called Strike 0-1: Reached on error, E1 (Groundball, 15)
|
Batting: LHB Jorge Fernández
|
0-0: Ground out U3 (Groundball, 3S) Seiji Kouno to second
|
Batting: RHB Eric Fuller
|
0-0: Ball 1-0: Ball 2-0: Ball 3-0: Base on Balls
|
Batting: LHB Edwin Ryan
|
0-0: Swinging Strike 0-1: Ball 1-1: Fly out, F4 (Popup, 4)
|
Batting: RHB Roberto García
|
0-0: Fly out, F4 (Popup, 3F)
|
Top of the 5th over - 0 run(s), 0 hit(s), 1 error(s), 2 left on base; Eau Claire 1 - Jasper 6 |
BOTTOM OF THE 5TH |
Jasper Cougars batting - Pitching for Eau Claire Esquires : RHP Nick Parks
|
Batting: RHB Juan Carlos
|
0-0: Called Strike 0-1: Ball 1-1: Fly out, F8 (Popup, 8RS)
|
Batting: LHB Pepe Vázquez
|
0-0: Fly out, F6 (Popup, 56D)
|
Batting: LHB Jon Scott
|
0-0: Called Strike 0-1: Ball 1-1: Swinging Strike 1-2: Ball 2-2: Fly out, F7 (Flyball, 7M)
|
Bottom of the 5th over - 0 run(s), 0 hit(s), 0 error(s), 0 left on base; Eau Claire 1 - Jasper 6 |
TOP OF THE 6TH |
Eau Claire Esquires batting - Pitching for Jasper Cougars : RHP Dae-ho Kim
|
Batting: LHB Michael Cook
|
0-0: Ball 1-0: SOLO HOME RUN (Flyball, 9D), Distance : 368 ft
|
Batting: RHB Norm Francis
|
0-0: Ball 1-0: Foul Ball, location: 2F 1-1: Called Strike 1-2: Ball 2-2: Foul Ball, location: 2F 2-2: Foul Ball, location: 2F 2-2: Ball 3-2: Foul Ball, location: 2F 3-2: Base on Balls
|
Pitching: RHP António Peña
|
|
Batting: RHB Dave Parker
|
0-0: Called Strike 0-1: Ball 1-1: Called Strike 1-2: Fly out, F8 (Flyball, 8LD) Runner from 1st tags up, SAFE at 2nd
|
Batting: RHB Javier Reyes
|
0-0: Called Strike 0-1: Ball 1-1: Foul Ball, location: 2F 1-2: Strikes out swinging
|
Batting: RHB Seiji Kouno
|
0-0: Called Strike 0-1: Ball 1-1: DOUBLE (Groundball, 5L) Norm Francis scores
|
Batting: LHB Jorge Fernández
|
0-0: Ball 1-0: Ball 2-0: Ball 3-0: Base on Balls
|
Batting: RHB Eric Fuller
|
0-0: Swinging Strike 0-1: Foul Ball, location: 2F 0-2: Ball 1-2: Ball 2-2: Foul Ball, location: 2F 2-2: Fly out, F9 (Popup, 89S)
|
Top of the 6th over - 2 run(s), 2 hit(s), 0 error(s), 2 left on base; Eau Claire 3 - Jasper 6 |
BOTTOM OF THE 6TH |
Jasper Cougars batting - Pitching for Eau Claire Esquires : RHP Nick Parks
|
Batting: RHB José Ortega
|
0-0: Foul Ball, location: 2F 0-1: Swinging Strike 0-2: Foul Ball, location: 2F 0-2: Foul Ball, location: 2F 0-2: Foul Ball, location: 2F 0-2: Strikes out swinging
|
Batting: RHB Joe Baker
|
0-0: Ball 1-0: Ball 2-0: Foul Ball, location: 2F 2-1: Foul Ball, location: 2F 2-2: Fly out, F9 (Flyball, 9M)
|
Batting: SHB Martín Cruz
|
0-0: Called Strike 0-1: Swinging Strike 0-2: Ball 1-2: Ball 2-2: Strikes out swinging
|
Bottom of the 6th over - 0 run(s), 0 hit(s), 0 error(s), 0 left on base; Eau Claire 3 - Jasper 6 |
TOP OF THE 7TH |
Eau Claire Esquires batting - Pitching for Jasper Cougars : RHP António Peña
|
Batting: LHB Edwin Ryan
|
0-0: Ball 1-0: Ball 2-0: Ball 3-0: Base on Balls
|
Batting: RHB Roberto García
|
0-0: Foul Ball, location: 2F 0-1: Ball 1-1: Swinging Strike 1-2: Fly out, F9 (Flyball, 9D)
|
Batting: LHB Michael Cook
|
0-0: Reached on Error, E9 (Flyball, 89M) Edwin Ryan to second
|
Batting: RHB Norm Francis
|
0-0: Called Strike 0-1: Foul Ball, location: 2F 0-2: Ball 1-2: Ball 2-2: Grounds into double play, 6-4-3 (Groundball, 6)
|
Top of the 7th over - 0 run(s), 0 hit(s), 1 error(s), 1 left on base; Eau Claire 3 - Jasper 6 |
BOTTOM OF THE 7TH |
Jasper Cougars batting - Pitching for Eau Claire Esquires : RHP Nick Parks
|
Pitching: RHP Ignacio Torres
|
|
Batting: RHB Dan Hooper
|
0-0: Foul Ball, location: 2F 0-1: Called Strike 0-2: Strikes out looking
|
Batting: SHB Ron Edwards
|
0-0: Ball 1-0: Ball 2-0: Called Strike 2-1: Called Strike 2-2: SINGLE (Groundball, 4MD)
|
Batting: RHB Manuel Pérez
|
0-0: Ball 1-0: Ball 2-0: Foul Ball, location: 2F 2-1: Ball 3-1: Base on Balls Ron Edwards to second
|
Batting: RHB Juan Carlos
|
0-0: Ball 1-0: Called Strike 1-1: Called Strike 1-2: Strikes out swinging
|
Pitching: LHP Charlie Conner
|
|
Batting: LHB Pepe Vázquez
|
0-0: Called Strike 0-1: Swinging Strike 0-2: Ball 1-2: Ground out U3 (Groundball, 3)
|
Bottom of the 7th over - 0 run(s), 1 hit(s), 0 error(s), 2 left on base; Eau Claire 3 - Jasper 6 |
TOP OF THE 8TH |
Eau Claire Esquires batting - Pitching for Jasper Cougars : RHP António Peña
|
Pitching: RHP Steve Snyder
|
|
Batting: RHB Dave Parker
|
0-0: Called Strike 0-1: DOUBLE (Line Drive, 3L)
|
Batting: RHB Javier Reyes
|
0-0: Foul Ball, location: 2F 0-1: Swinging Strike 0-2: Strikes out swinging
|
Batting: RHB Seiji Kouno
|
0-0: Called Strike 0-1: Ground out 5-3 (Groundball, 5)
|
Pitching: LHP Javier Galeas
|
|
Batting: LHB Jorge Fernández
|
0-0: Called Strike 0-1: Ground out 4-3 (Groundball, 34)
|
Top of the 8th over - 0 run(s), 1 hit(s), 0 error(s), 1 left on base; Eau Claire 3 - Jasper 6 |
BOTTOM OF THE 8TH |
Jasper Cougars batting - Pitching for Eau Claire Esquires : LHP Charlie Conner
|
Pitching: RHP Francisco Anaya
|
|
Batting: LHB Jon Scott
|
0-0: Ground out 4-3 (Groundball, 4M)
|
Batting: RHB José Ortega
|
0-0: Called Strike 0-1: Ball 1-1: Ball 2-1: Foul Ball, location: 2F 2-2: Strikes out swinging
|
Batting: RHB Joe Baker
|
0-0: Foul Ball, location: 2F 0-1: Ball 1-1: Foul Ball, location: 2F 1-2: Ball 2-2: Strikes out swinging
|
Bottom of the 8th over - 0 run(s), 0 hit(s), 0 error(s), 0 left on base; Eau Claire 3 - Jasper 6 |
TOP OF THE 9TH |
Eau Claire Esquires batting - Pitching for Jasper Cougars : LHP Javier Galeas
|
Pitching: RHP Brandon Williams
|
|
Batting: RHB Eric Fuller
|
0-0: Foul Ball, location: 2F 0-1: Called Strike 0-2: Strikes out looking
|
Batting: LHB Edwin Ryan
|
0-0: Ball 1-0: Ball 2-0: Foul Ball, location: 2F 2-1: Foul Ball, location: 2F 2-2: Strikes out swinging
|
Batting: RHB Roberto García
|
0-0: Called Strike 0-1: Foul Ball, location: 2F 0-2: Ball 1-2: Ball 2-2: Fly out, F8 (Flyball, 8RXD)
|
Top of the 9th over - 0 run(s), 0 hit(s), 0 error(s), 0 left on base; Eau Claire 3 - Jasper 6 |
|